 Dungeon Crawl Stone Soup version 0.29.1-13-g9f3cf754e1 (webtiles) character file.

Game seed: 10592539891223071216

461 cheesebisquit the Shooter (level 6, -1/53 HPs)
             Began as a Minotaur Hunter on Jan 23, 2023.
             Slain by a black bear (2 damage)
             ... on level 5 of the Dungeon.
             The game lasted 00:12:00 (4690 turns).

cheesebisquit the Shooter (Minotaur Hunter)         Turns: 4690, Time: 00:12:00

Health: -1/53      AC:  5    Str: 15    XL:     6   Next: 79%
Magic:  5/5        EV: 13    Int:  6    God:
Gold:   243        SH:  0    Dex: 16    Spells: 5/5 levels left

rFire   . . .      SeeInvis +   d - +0 longbow
rCold   . . .      Faith    .   (shield currently unavailable)
rNeg    . . .      Spirit   .   c - +0 leather armour
rPois   .          Reflect  .   (helmet restricted)
rElec   .          Harm     .   y - +0 cloak
rCorr   .          Rampage  .   q - +0 pair of gloves
Will    .....                   (no boots)
Stlth   +.........              (no amulet)
HPRegen 0.17/turn               g - ring of see invisible
MPRegen 0.09/turn               (no ring)

@: no status effects
A: horns 2, retaliatory headbutt
a: no special abilities


You were on level 5 of the Dungeon.
You visited 1 branch of the dungeon, and saw 5 of its levels.

You collected 243 gold pieces.

Inventory:

Hand Weapons
 a - a +0 shortbow
 d - a +0 longbow (weapon)
Missiles
 l - 3 atropa-tipped darts
 w - a throwing net
 x - 4 poisoned darts
Armour
 c - a +0 leather armour (worn)
 m - a +0 pair of gloves
 q - a +0 pair of gloves (worn)
 y - a +0 cloak (worn)
Jewellery
 g - a ring of see invisible (left hand)
 i - a ring of protection from cold
 j - a ring of wizardry
Wands
 z - a wand of flame (20)
Scrolls
 b - a scroll of immolation
 h - 4 scrolls of identify {unknown}
 k - a scroll of fear {unknown}
 n - 3 scrolls of blinking {unknown}
 p - 2 scrolls of fog {unknown}
 r - a scroll of amnesia {unknown}
 s - a scroll of vulnerability {unknown}
 t - a scroll of teleportation {unknown}
 u - a scroll of brand weapon {unknown}
Potions
 e - a potion of flight {unknown}
 f - a potion of berserk rage {unknown}
 o - a potion of mutation {unknown}
 v - a potion of lignification {unknown}


   Skills:
 + Level 4.7 Fighting
 * Level 7.1 Ranged Weapons
 + Level 4.4 Dodging
 - Level 0.7 Stealth


You had 5 spell levels left.
You didn't know any spells.
Your spell library contained the following spells:

 Spells                   Type           Power      Damage    Failure   Level
 Magic Dart               Conj           0%         1d3       52%         1
 Call Imp                 Summ           0%         N/A       67%         2
 Mephitic Cloud           Conj/Pois/Air  0%         N/A       88%         3


Dungeon Overview and Level Annotations

Branches:
Dungeon (5/15)
 Temple: D:4-7

Altars:
Cheibriados
Gozag
Okawaru
Vehumet
Yredelemnul
The Shining One

Annotations:
D:2 1 runed translucent door, Crazy Yiuf


Innate Abilities, Weirdness & Mutations

You have a pair of horns on your head.
You reflexively headbutt those who attack you in melee.


Message History

You shoot an arrow. The arrow barely misses the black bear.
The black bear closely misses you.
The black bear claws you but does no damage.
The black bear barely misses you. The black bear bites you!
The black bear claws you. The black bear closely misses you.
You are too injured to fight recklessly!
You are too injured to fight recklessly!
Fire: d) +0 longbow
Press: ? - help, Q - select action, (/) - cycle Shift-Dir - straight line, f/p - black bear
Aim: a black bear (almost dead, berserk, 70% to hit)
You shoot an arrow. The arrow barely misses the black bear.
The black bear bites you. The black bear closely misses you. x2
The black bear barely misses you. The black bear claws you.
The black bear misses you.
Fire: d) +0 longbow
Press: ? - help, Q - select action, (/) - cycle Shift-Dir - straight line, f/p - black bear
Aim: a black bear (almost dead, berserk, 70% to hit)
You shoot an arrow.
The arrow closely misses the black bear.
The black bear bites you. The black bear completely misses you.
The black bear claws you but does no damage.
The black bear bites you.
* * * LOW HITPOINT WARNING * * *
The black bear claws you.
* * * LOW HITPOINT WARNING * * *
The black bear claws you.
* * * LOW HITPOINT WARNING * * *
Fire: d) +0 longbow
Press: ? - help, Q - select action, (/) - cycle Shift-Dir - straight line, f/p - black bear
Aim: a black bear (almost dead, berserk, 70% to hit)
You shoot an arrow.
The arrow completely misses the black bear.
The black bear closely misses you.
The black bear claws you but does no damage.
The black bear claws you.
* * * LOW HITPOINT WARNING * * *
The black bear closely misses you. The black bear claws you.
* * * LOW HITPOINT WARNING * * *
The black bear claws you.
You die...

#.....# #.#########.#
#.....# #.........#.#
##.....###############.#.#
................># #.#.#
#...##.#.#######.# #.#.#
#...##...# #.# #.#.##
#...###### #.# #....#
#...# #.# ###### #...# #@#
#...# #..h........ #####
#.##.######. # #.# ..# ..#
..# ....


You could see a black bear (berserk).

Vanquished Creatures
  A kobold brigand (D:4)
  A scorpion (D:4)
  An orc priest (D:4)
  An iguana (D:4)
  Natasha (thrice) (D:2)
  An orc wizard (D:3)
  3 gnolls (D:4)
  4 adders
  2 ufetubi
  2 worms
  2 dart slugs
  12 orcs
  9 bats
  5 endoplasms
  A giant cockroach (D:3)
  6 goblins
  7 hobgoblins
  15 kobolds
  3 quokkas
  5 ball pythons
  3 frilled lizards
  6 rats
93 creatures vanquished.

Vanquished Creatures (others)
  9 plants (D:4)
9 creatures vanquished.

Grand Total: 102 creatures vanquished

Notes
Turn   | Place    | Note
-------+----------+-------------------------------------------
     0 | D:1      | cheesebisquit the Minotaur Hunter began the quest for the
                  | Orb.
     0 | D:1      | Reached XP level 1. HP: 18/18 MP: 0/0
   423 | D:1      | Reached XP level 2. HP: 25/25 MP: 1/1
   972 | D:2      | Found a faded altar of an unknown god.
  1029 | D:2      | Reached skill level 5 in Ranged Weapons
  1029 | D:2      | Reached XP level 3. HP: 31/31 MP: 2/2
  1106 | D:2      | Found a runed translucent door.
  1107 | D:2      | Noticed Crazy Yiuf
  1143 | D:2      | Noticed Natasha
  1148 | D:2      | Killed Natasha
  1261 | D:2      | Noticed Natasha
  1265 | D:2      | Killed Natasha
  1266 | D:2      | Reached XP level 4. HP: 38/38 MP: 3/3
  1321 | D:2      | Noticed Natasha
  1333 | D:2      | Killed Natasha
  2156 | D:3      | Reached XP level 5. HP: 46/46 MP: 4/4
  2162 | D:3      | Reached skill level 6 in Ranged Weapons
  2423 | D:3      | Found a basalt altar of Yredelemnul.
  2516 | D:3      | Found a snail-covered altar of Cheibriados.
  3022 | D:4      | Reached XP level 6. HP: 16/52 MP: 5/5
  3346 | D:4      | Found an iron altar of Okawaru.
  4213 | D:4      | Reached skill level 7 in Ranged Weapons
  4387 | D:4      | Found a radiant altar of Vehumet.
  4588 | D:5      | Entered Level 5 of the Dungeon
  4655 | D:5      | Found an opulent altar of Gozag.
  4657 | D:5      | Found a glowing golden altar of the Shining One.
  4690 | D:5      | HP: 2/53 [black bear (5)]
  4690 | D:5      | Slain by a black bear

Illustrated notes

Levels and vault maps discovered:
D:1:      dpeg_arrival_round_a, layout_basic
D:2:      layout_loops_ring, chequers_ecumenical_altar_grove, uniq_natasha,
          uniq_crazy_yiuf_cottage
D:3:      layout_loops_ring, slow_altar_2, mainiacjoe_overflow_catwalk,
          minmay_three_crescents
D:4:      layout_cave_pools, lemuel_coloured_pillars_altar,
          amcnicky_altar_gilded, hangedman_feature_mirror,
          lexackson_kobold_supper
D:5:      layout_basic, nicolae_overflow_hidden_temple, minmay_misc_feat_rugged

Skill      XL: |  1  2  3  4  5  6 |
---------------+-------------------+-----
Fighting       | 3 4 |  4.7
Ranged Weapons | 5 6 7 |  7.1
Dodging        | 3 4 |  4.4
Stealth        | |  0.7

Action                   |  1- 3 |  4- 6 || total
-------------------------+-------+-------++-------
 Fire: Longbow           |    57 |   195 ||   252
       Shortbow          |     6 |       ||     6
Throw: Dart              |       |     3 ||     3
  Use: Potion            |       |     5 ||     5
Armor: Leather armour    |     7 |    31 ||    38
Dodge: Dodged            |     8 |   139 ||   147
